 Dungeon Crawl Stone Soup version 0.30-a0-1163-gf69bf04e7a (webtiles) character file.

Game seed: 15975871140887945227

46 ytrimaz the Slasher (level 3, -4/27 HPs)
             Began as a Demonspawn Gladiator on Apr 28, 2023.
             Slain by a goblin
             ... wielding a +0 club
             ... led by Robin
              (6 damage)
             ... on level 2 of the Dungeon.
             The game lasted 00:01:31 (1023 turns).

ytrimaz the Slasher (Demonspawn Gladiator)          Turns: 1023, Time: 00:01:31

Health: -4/27      AC:  5    Str: 14    XL:     3   Next: 46%
Magic:  3/3        EV: 13    Int:  9    God:
Gold:   93         SH:  4    Dex: 16    Spells: 2/2 levels left

rFire   . . .        a - +0 long sword
rCold   . . .        (no shield)
rNeg    . . .        b - +0 leather armour
rPois   .            m - +1 helmet
rElec   .            (no cloak)
rCorr   .            (no gloves)
SInv    .            (no boots)
Will    .....        (no amulet)
Stlth   +            (no ring)
HPRegen 0.24/turn    (no ring)
MPRegen 0.08/turn

%: no passive effects
@: no status effects
A: condensation shield
a: no special abilities


You were on level 2 of the Dungeon.
You visited 1 branch of the dungeon, and saw 2 of its levels.

You collected 93 gold pieces.


Innate Abilities, Weirdness & Mutations

A meltable shield of frost defends you. (SH +4)


   Skills:
 - Level 2.0 Fighting
 + Level 3.5 Long Blades
 - Level 1.7 Throwing
 + Level 3.4 Dodging


You had 2 spell levels left.
You didn't know any spells.
Your spell library contained the following spells:

 Spells                   Type           Power      Damage    Failure   Level
 Blink                    Tloc           0%         N/A       61%         2
 Ensorcelled Hibernation  Hex/Ice        0%         N/A       61%         2
 Spider Form              Tmut/Pois      0%         N/A       83%         3
 Anguish                  Hex/Necr       0%         N/A       99%         4
 Manifold Assault         Tloc           0%         N/A       99%         4
 Storm Form               Tmut/Air       0%         N/A       100%        7

Inventory:

Hand Weapons
 a - a +0 long sword (weapon)
Missiles
 d - 3 throwing nets (quivered)
 e - a javelin
Armour
 b - a +0 leather armour (worn)
 m - a +1 helmet (worn)
   (You found it on level 2 of the Dungeon)
Jewellery
 i - a ring of wizardry
   (You found it on level 1 of the Dungeon)
Scrolls
 c - a scroll of vulnerability {unknown}
 g - a scroll of enchant weapon
 h - a scroll of amnesia
 k - a scroll of enchant armour {unknown}
 l - a scroll of silence {unknown}
Potions
 j - a potion of brilliance

Dungeon Overview and Level Annotations

Branches:
Dungeon (2/15) Zot: 10955

Altars:

Annotations:
D:2 Robin

....#####.#.#######
...................
#...g.##.#.#######
#g.))g.# ####K..#
#.g.# ####gg.#
#...ggg## #....@..#
#........#
#....l.#.#
#....g.....
#........###
#........#
#........#
+.....#..#


You could see 8 goblins, a kobold and a frilled lizard.


Message History

The goblin shouts! x3; You hear a shout!
A goblin comes into view. It is wielding a +0 dagger.
Robin of the Strong Arm comes into view.
They are wielding a +0 trident and carrying a wand of roots (12).
The goblin moves out of view.
You hear a shout!
Robin shouts!
A goblin comes into view. It is wielding a +0 club.
Robin throws the goblin at you!
You barely miss the goblin. The goblin misses you.
A goblin comes into view. It is wielding a +0 club.
You closely miss the goblin. The goblin hits you with a +0 club.
You block the goblin's attack. The goblin closely misses you. 😕 HP[-3]
You take 3 damage, and now have 24/27 hp.
You hit the goblin.
You kill the goblin!
The goblin hits you with a +0 dagger.
A goblin comes into view. It is wielding a +0 club.
You block the goblin's attack.
Unknown command. 😕 HP[-1]
You take 1 damage, and now have 23/27 hp.
You closely miss the goblin. The goblin barely misses you.
Robin roars a battlecry!
The goblins go into a battle-frenzy!
The goblin barely misses you. x2; The goblin hits you but does no damage.
Robin throws the goblin at you!
You hear a shout!
You slash the goblin!
You kill the goblin!
The goblin closely misses you. x2
You barely miss the goblin.
The goblin shouts!
You punch the goblin. Robin throws the goblin at you! The goblin misses you.
The goblin hits you but does no damage.
A kobold comes into view. It is wielding a +0 dagger.
The goblin hits you but does no damage.
Unknown command.
Okay, then.
You hit the goblin. The goblin barely misses you.
The goblin hits you with a +0 dagger. The goblin barely misses you. 😕 HP[-1]
You take 1 damage, and now have 22/27 hp.
You closely miss the goblin. The goblin misses you.
The goblin hits you but does no damage. The goblin misses you.
The goblin hits you with a +0 club. The goblin barely misses you.
The goblin misses you. 😮 HP[-3]
You take 3 damage, and now have 19/27 hp.
You slash the goblin!
You kill the goblin!
The goblin misses you.
The goblin hits you with a +0 dagger. 😮 HP[-3]
You take 3 damage, and now have 16/27 hp.
Unknown command.
The goblin attacks as you move away! The goblin hits you with a +0 dagger.
Robin throws the goblin at you! The goblin closely misses you.
Items here: ( )))) ††.
You are too injured to fight recklessly!
You barely miss the goblin. You block the goblin's attack.
The goblin closely misses you.
You are too injured to fight recklessly!
You are too injured to fight recklessly!
You hit the goblin.
You kill the goblin!
The goblin hits you but does no damage. The goblin attacks as you move away!
The goblin closely misses you. Robin throws the goblin at you!
The goblin hits you with a +0 club.
* * * LOW HITPOINT WARNING * * *
You see here a +0 club. 😨 HP[-6]
You take 6 damage, and now have 10/27 hp.
MASSIVE DAMAGE!! (PAUSE)
The goblin misses you.
Robin throws the goblin at you! 😨 HP[+1]
The goblin attacks as you move away! The goblin hits you with a +0 club.
* * * LOW HITPOINT WARNING * * *
The goblin no longer looks unusually strong.
Robin throws the goblin at you! The goblin hits you with a +0 club.
* * * LOW HITPOINT WARNING * * *
The goblin hits you with a +0 club.
* * * LOW HITPOINT WARNING * * *
😱 HP[-8]
You take 8 damage, and now have 3/27 hp.
MASSIVE DAMAGE!! (PAUSE)
The goblin attacks as you move away! The goblin hits you with a +0 dagger.
* * * LOW HITPOINT WARNING * * *
A goblin and a frilled lizard come into view.
The frilled lizard hisses angrily.
The goblin no longer looks unusually strong. 😱 HP[-2]
You take 2 damage, and now have 1/27 hp.
The goblin shouts!
The goblin no longer looks unusually strong.
The goblin barely misses you.
Unknown command.
The goblin no longer looks unusually strong. 😱 HP[+1]
The goblin attacks as you move away! The goblin hits you with a +0 club.
You die...

Skill      XL: |  1 |
---------------+----+-----
Long Blades    | 3 |  3.5
Dodging        | 3 |  3.4
Fighting       | |  2.0
Throwing       | |  1.7

Action                     || total
---------------------------++-------
  Melee: Long sword        ||    94
         Punch             ||     1
    Use: Scroll            ||     4
   Stab: Sleeping          ||     1
 Armour: Leather armour    ||    35
  Dodge: Dodged            ||    77
  Block: Other             ||    13

Levels and vault maps discovered:
D:1:      ncdulo_halloftheorcs, layout_basic, minmay_quantized
D:2:      layout_basic, corexii_corridor_pit, uniq_robin

Notes
Turn   | Place    | Note
-------+----------+-------------------------------------------
     0 | D:1      | ytrimaz the Demonspawn Gladiator began the quest for the
                  | Orb.
     0 | D:1      | Reached XP level 1. HP: 16/16 MP: 1/1
     0 | D:1      | magus.rc [v1.9.6]
   129 | D:1      | You add the spells Blink, Manifold Assault and Storm Form
                  | to your library.
   140 | D:1      | Reached skill level 3 in Long Blades
   140 | D:1      | Reached skill level 3 in Dodging
   140 | D:1      | Gained mutation: A meltable shield of frost defends you.
                  | (SH +4) [demonic ancestry]
   140 | D:1      | Reached XP level 2. HP: 18/22 MP: 2/2
   282 | D:1      | magus.rc [v1.9.6]
   282 | D:1      | magus.rc [v1.9.6]
   627 | D:1      | Reached XP level 3. HP: 27/27 MP: 3/3
   959 | D:2      | You pick up a book of Dreams and begin reading...
   959 | D:2      | You add the spells Ensorcelled Hibernation, Spider Form and
                  | Anguish to your library.
  1003 | D:2      | Noticed Robin
  1019 | D:2      | HP: 3/27 [goblin/+0 club[Robin] (5)]
  1020 | D:2      | HP: 1/27 [goblin/+0 dagger[Robin] (2)]
  1023 | D:2      | Slain by a goblin

Vanquished Creatures
  3 endoplasms (D:1)
  3 giant cockroaches
  9 goblins
  3 hobgoblins
  A kobold (D:1)
  3 quokkas (D:1)
  7 ball pythons
  3 bats
  5 frilled lizards
  4 rats (D:1)
41 creatures vanquished.

Table legend:
 A = Non-vault XP
 B = Vault XP
 C = Vault XP percentage of total XP
 D = Non-vault monster count
 E = Vault monster count
 F = Vault count percentage of total count
                 A         B        C        D         E       F
            +---------+---------+-------+---------+---------+-------
      Total |      51 |      16 |  23.9 |      33 |       8 |  19.5
            +---------+---------+-------+---------+---------+-------
        D:1 |      37 |       8 |  17.8 |      24 |       4 |  14.3
        D:2 |      14 |       8 |  36.4 |       9 |       4 |  30.8
            +---------+---------+-------+---------+---------+-------

Skill      XL: |  1 |
---------------+----+-----
Long Blades    | 3 |  3.5
Dodging        | 3 |  3.4
Fighting       | |  2.0
Throwing       | |  1.7

Action                     || total
---------------------------++-------
  Melee: Long sword        ||    94
         Punch             ||     1
    Use: Scroll            ||     4
   Stab: Sleeping          ||     1
 Armour: Leather armour    ||    35
  Dodge: Dodged            ||    77
  Block: Other             ||    13

Illustrated notes

Table legend:
 A = Kills in this place as a percentage of kills in the entire game.
 B = Kills by you in this place as a percentage of kills by you in the entire game.
 C = Kills by friends in this place as a percentage of kills by friends in the entire game.
 D = Other kills in this place as a percentage of other kills in the entire game.
 E = Experience gained in this place as a percentage of experience gained in the entire game.
 F = Experience gained in this place divided by the number of levels of this place that you have seen.
                   A       B       C       D       E      F
               +-------+-------+-------+-------+-------+----------------------
         Total | 100.0 | 100.0 |   N/A |   N/A | 100.0 |  33.5
       Dungeon | 100.0 | 100.0 |   N/A |   N/A | 100.0 |  33.5
               +-------+-------+-------+-------+-------+----------------------

Table legend: (Time is in decaauts)
 A = Elapsed time spent in this place.
 B = Non-inter-level travel time spent in this place.
 C = Inter-level travel time spent in this place.
 D = Time resting spent in this place.
 E = Time spent auto-exploring this place.
 F = Levels seen in this place.
 G = Mean time per level.
                   A        B        C        D        E       F      G
               +--------+--------+--------+--------+--------+-----+--------+
         Total |   1045 |   1032 |     13 |      0 |    743 |   2 |  522.5 |
       Dungeon |   1045 |   1032 |     13 |      0 |    743 |   2 |  522.5 |
               +--------+--------+--------+--------+--------+-----+--------+

Top non-repeatable levels by time:
     D:1: 759 daAuts
     D:2: 285 daAuts
